Map: Catalyst LE

Players

LiquidTLO (TLO)

  • Race: Zerg Zerg
  • Spawn Location: 11:00

uThermal - Winner!

  • Race: Terran Terran
  • Spawn Location: 5:00

Event: WCS Valencia 2018

VOD

Have the link to the VOD?

Description

Time

  • Played on: July 12, 2018, 10:23 a.m.
  • Length: 11:05

All games in this series

Show
View Real Time Build Order
Export as new Build Order

LiquidTLO Zerg 

Build Orders: Pool First 

Get SALT Encoding   

  12  0:01  Drone  
  13  0:08  Drone  
  14  0:17  Overlord  
  14  0:36  Drone x2  
  14  0:40  Spawning Pool  
  15  0:44  Drone  
  15  0:48  Drone  
  17  1:09  Hatchery  
  16  1:19  Drone  
  17  1:27  Zergling x4  
  17  1:28  Queen  
  17  1:32  Zergling x2  
  22  1:34  Extractor  
  21  1:41  Overlord  
  21  1:54  Drone  
  22  2:06  Queen  
  24  2:12  Drone  
  25  2:20  Drone  
  25  2:21  Drone  
  27  2:24  Drone  
  27  2:27  Spore Crawler  
  27  2:29  Queen  
  29  2:33  Drone  
  30  2:39  Drone  
  30  2:40  Drone  
  30  2:41  Drone  
  32  2:45  Overlord  
  32  2:52  Drone  
  32  2:53  Metabolic Boost  
  32  2:56  Drone  
  34  3:02  Drone  
  35  3:09  Drone x2  
  37  3:13  Drone  
  37  3:14  Drone  
  37  3:18  Drone  
  37  3:19  Drone  
  41  3:29  Hatchery  
  41  3:33  Drone  
  41  3:36  Overlord  
  41  3:37  Drone  
  42  3:42  Drone  
  42  3:46  Extractor, Roach Warren  
  42  3:48  Drone x2  
  42  3:50  Zergling x2  
  44  3:56  Zergling x2  
  44  3:57  Zergling x2  
  44  3:59  Zergling x2  
  44  4:00  Zergling x2  
  48  4:06  Queen  
  48  4:07  Extractor  
  48  4:09  Drone  
  50  4:11  Drone  
  50  4:16  Overlord  
  51  4:26  Overlord  
  51  4:27  Overlord  
  51  4:33  Overlord  
  51  4:34  Overlord  
  50  4:39  Roach x2  
  50  4:40  Roach x2  
  50  4:41  Roach  
  58  4:49  Queen  
  58  4:51  Roach x2  
  62  4:55  Roach  
  62  4:59  Lair  
  64  5:02  Roach  
  64  5:04  Ravager x2  
  68  5:10  Zergling x2, Roach  
  68  5:12  Roach  
  72  5:15  Roach  
  74  5:21  Ravager  
  74  5:22  Roach  
  77  5:29  Roach  
  77  5:32  Overlord x2  
  77  5:35  Roach  
  81  5:39  Zergling x2  
  81  5:40  Overlord  
  81  5:42  Zergling x2  
  83  5:46  Overlord  
  83  5:49  Zergling x2  
  84  5:53  Zergling x6  
  84  5:55  Zergling x2  
  88  5:59  Zergling x2  
  88  6:03  Zergling x4  
  88  6:06  Ravager x2  
  88  6:09  Zergling x2  
  91  6:16  Zergling x4  
  91  6:17  Zergling x2  
  92  6:20  Overseer  
  92  6:24  Drone x3  
  95  6:28  Drone  
  95  6:29  Drone  
  90  6:49  Drone  
  90  6:52  Drone  
  92  6:56  Drone x3  
  92  6:59  Drone  
  94  7:03  Drone  
  95  7:09  Drone  
  96  7:16  Drone x2  
  96  7:18  Drone  
  96  7:19  Drone  
  97  7:26  Spire  
  97  7:28  Drone  
  97  7:30  Drone  
  97  7:31  Drone  
  97  7:38  Drone  
  97  7:39  Drone  
  97  7:43  Drone  
  100  7:44  Drone  
  100  7:45  Drone x2  
  100  7:46  Drone  
  100  7:50  Drone  
  100  7:54  Roach  
  100  7:57  Roach  
  100  7:58  Evolution Chamber  
  92  7:59  Evolution Chamber  
  92  8:00  Roach  
  94  8:05  Zergling x2  
  94  8:07  Zergling x2  
  94  8:08  Roach  
  94  8:10  Roach  
  99  8:13  Zergling x2  
  99  8:14  Zergling x2  
  99  8:17  Zergling x2  
  101  8:20  Zergling x2  
  101  8:23  Roach  
  101  8:26  Zergling x2  
  105  8:28  Zerg Ground Armor Level 1  
  105  8:34  Ravager  
  105  8:35  Zergling x2  
  105  8:36  Queen  
  105  8:40  Mutalisk  
  111  8:42  Zergling x2, Queen  
  111  8:43  Zergling x2  
  111  8:44  Zergling x2  
  111  8:46  Zergling x2  
  111  8:47  Overlord  
  117  8:50  Zergling x2  
  117  8:51  Zergling x2  
  117  8:54  Zergling x4  
  106  8:57  Zergling x2  
  106  8:58  Roach  
  106  8:59  Roach  
  106  9:01  Roach  
  99  9:07  Roach  
  79  9:18  Roach x3  
  79  9:19  Roach, Queen  
  79  9:22  Zergling x12  
  83  9:25  Zergling x2  
  83  9:29  Zergling x2  
  83  9:30  Zergling x2  
  83  9:31  Zergling x2  
  86  9:32  Zergling x2  
  86  9:33  Zergling x2, Ravager  
  90  9:38  Zergling x2, Queen  
  90  9:39  Zergling x2  
  93  9:47  Drone  
  93  9:51  Roach  
  96  9:57  Roach  
  93  10:01  Roach  
  83  10:07  Roach  
  83  10:10  Queen  
  76  10:14  Roach  
  76  10:17  Roach  
  76  10:19  Ravager  
  76  10:22  Extractor  
  76  10:24  Hatchery, Roach x2  
  76  10:27  Roach  
  80  10:30  Roach  
  80  10:35  Roach  
  82  10:41  Roach  
  73  10:44  Roach  
  73  10:45  Roach  
  73  10:46  Roach  
  73  10:48  Zergling x4  
Show
View Real Time Build Order
Export as new Build Order

uThermal Terran - Winner!

Build Orders: Reaper Expand, MMM Bio 

Get SALT Encoding   

  12  0:01  SCV  
  13  0:13  SCV  
  14  0:17  Supply Depot  
  14  0:25  SCV  
  15  0:38  SCV  
  15  0:40  Barracks  
  16  0:44  Refinery  
  16  0:50  SCV  
  17  1:02  SCV  
  18  1:15  SCV  
  19  1:27  Reaper  
  19  1:28  Orbital Command  
  20  1:40  Command Center  
  20  1:52  Supply Depot  
  20  1:53  SCV  
  21  1:59  Marine  
  22  2:05  SCV  
  23  2:09  Factory  
  23  2:17  SCV  
  23  2:18  Refinery  
  23  2:21  Barracks Reactor  
  24  2:29  SCV  
  25  2:42  SCV  
  22  2:54  Starport, SCV  
  23  3:01  Hellion x2  
  27  3:06  SCV  
  27  3:08  Barracks Tech Lab  
  28  3:18  SCV  
  29  3:22  Orbital Command  
  29  3:25  Hellion  
  31  3:31  Hellion  
  31  3:32  SCV  
  34  3:39  Raven  
  36  3:45  SCV  
  36  3:47  SCV  
  38  3:51  Hellion  
  40  3:56  Supply Depot  
  40  3:57  SCV  
  40  4:01  Hellion  
  40  4:02  SCV  
  43  4:09  SCV  
  44  4:14  Supply Depot, SCV  
  45  4:19  Hellion  
  45  4:22  Hellion, Raven  
  47  4:27  SCV  
  48  4:32  SCV  
  47  4:48  SCV x2  
  47  4:50  Command Center  
  47  4:52  Barracks Tech Lab  
  49  5:00  SCV  
  49  5:03  SCV  
  49  5:05  Barracks  
  49  5:06  Barracks  
  51  5:12  SCV, Siege Tank  
  51  5:13  Stimpack  
  55  5:15  Starport Reactor  
  55  5:18  Marine  
  55  5:19  SCV  
  57  5:24  Supply Depot  
  57  5:27  SCV  
  57  5:28  Bunker  
  53  5:32  Bunker  
  53  5:34  SCV  
  54  5:36  Marine  
  54  5:40  SCV  
  56  5:44  Siege Tank  
  56  5:46  SCV  
  60  5:51  Supply Depot  
  60  5:52  SCV  
  60  5:53  Marine x3  
  64  5:58  SCV  
  64  6:02  Starport Reactor  
  64  6:03  Marine  
  65  6:07  Marine  
  66  6:13  Marine x3  
  66  6:16  Supply Depot, Siege Tank  
  66  6:17  Supply Depot  
  72  6:19  SCV  
  72  6:21  Marine  
  72  6:25  Marine  
  74  6:29  Supply Depot  
  74  6:30  Marine x2  
  74  6:31  Marine  
  78  6:38  SCV  
  78  6:39  Marine  
  80  6:44  Medivac  
  80  6:45  Marine  
  78  6:48  Marine  
  81  6:54  Siege Tank  
  81  6:56  Marine  
  81  6:57  Marine  
  83  7:04  Supply Depot  
  83  7:06  Marine  
  82  7:13  Marine  
  82  7:15  Marine  
  84  7:21  Marine  
  83  7:24  Marine  
  83  7:26  Marine  
  85  7:31  Marine  
  85  7:34  Marine  
  87  7:39  Marine  
  87  7:40  Combat Shields  
  88  7:44  Marine  
  88  7:46  Marine  
  86  7:56  Marine x2  
  84  8:02  Marine  
  84  8:05  Siege Tank  
  88  8:11  Marine  
  88  8:18  Marine  
  89  8:20  Medivac  
  89  8:25  Marine x2  
  89  8:26  Marine  
  94  8:31  Orbital Command  
  94  8:34  Supply Depot  
  94  8:41  Marine x2  
  94  8:50  Marine  
  94  8:51  Siege Tank  
  87  9:06  Medivac, Marine x2  
  87  9:07  Marine  
  92  9:13  Marine  
  86  9:21  Medivac, Marine  
  88  9:24  Marine x2, Orbital Command  
  88  9:31  Marine  
  90  9:35  Marine  
  89  9:39  Marine  
  89  9:42  Marine x2  
  89  9:43  Refinery  
  89  9:44  Refinery  
  92  9:46  Barracks  
  92  9:47  Barracks  
  92  9:49  Marine  
  93  9:53  Marine  
  93  9:56  Medivac  
  93  9:57  Marine  
  97  10:00  Marine  
  97  10:01  Marine  
  97  10:06  Marine  
  85  10:11  Marine, Siege Tank  
  88  10:14  Marine  
  88  10:17  Marine  
  88  10:19  Medivac  
  92  10:22  Marine  
  92  10:24  Marine  
  92  10:26  Medivac  
  96  10:29  Marine  
  96  10:32  Marine  
  94  10:38  Marine  
  94  10:41  Marine x3  
  94  10:42  Marine  
Tags
 
Add a new tag
Caveats
  • Supply blocks, unpowered buildings, or Contaminate may cause inaccurate times.
  • Supply counts are checked every 10 seconds.